 Dungeon Crawl Stone Soup version 0.30-a0-760-g5a9884bb7c (webtiles) character file.

Game seed: 7016648667804025377

867478 Iich the Axe Maniac (level 27, -8/191 HPs)
             Began as a Minotaur Fighter on Feb 11, 2023.
             Was the Champion of the Shining One.
             Killed by divine providence
             ... invoked by a smoke demon
              (13 damage)
             ... in Pandemonium on Feb 12, 2023.
             The game lasted 03:06:18 (77435 turns).

Iich the Axe Maniac (Minotaur Fighter)             Turns: 77435, Time: 03:06:18

Health: -8/191     AC: 47    Str: 34    XL:     27
Magic:  32/32      EV: 30    Int:  5    God:    the Shining One [******]
Gold:   9010       SH: 41    Dex: 28    Spells: 26/26 levels left

rFire   + + .      SeeInvis +    J - +8 mithril axe "Arga" {speed, Will+}
rCold   + + .      Faith    .    K - +8 tower shield {rPois}
rNeg    + + +      Spirit   .    s - +3 crystal plate armour of Youthful Indiscretion {rF+ rC+ Dex+3 Stlth+}
rPois   +          Reflect  .    a - +2 hat
rElec   +          Harm     .    c - +2 cloak {rCorr}
rCorr   +          Rampage  +    M - +1 pair of gloves "Beaxkyuck" {rF+ Stlth+}
Will    ++++.      Rage     3%   C - +2 pair of boots
Stlth   +                        V - amulet of Zezeffis {Rampage rElec rPois Regen+}
HPRegen 1.31/turn                m - ring "Wurracal" {rC+ rN+ Will+ Str+3 Slay+2}
MPRegen 0.23/turn                r - ring of Vanity {Contam Drain Str+6 Dex+7 SInv}

@: about to teleport, on berserk cooldown, slowed, glowing, studying Fire Magic,
very slow
A: horns 2, retaliatory headbutt, large bone plates 1, berserk 1, frail 3, low
MP 1, screaming 1, weak 1
}: 8/15 runes: serpentine, barnacled, slimy, silver, abyssal, demonic, glowing,
dark
a: Renounce Religion, Divine Shield, Cleansing Flame, Summon Divine Warrior,
Brand Weapon With Holy Wrath


You were in Pandemonium.
You worshipped the Shining One.
The Shining One was exalted by your worship.
You visited 13 branches of the dungeon, and saw 57 of its levels.
You visited Pandemonium 2 times, and saw 11 of its levels.
You visited the Abyss 4 times.
You also visited: Bailey and Wizlab.

You collected 34089 gold pieces.
You spent 3774 gold pieces at shops.
You paid 21305 gold pieces to Gozag.

Inventory:

Hand Weapons
 J - the +8 mithril axe "Arga" (weapon) {speed, Will+}
   (You acquired it on level 15 of the Dungeon)

   Will:      It increases your willpower.
Missiles
 H - 7 throwing nets (quivered)
Armour
 a - a +2 hat (worn)
 c - a +2 cloak of preservation (worn)
 s - the +3 crystal plate armour of Youthful Indiscretion (worn) {rF+ rC+ Dex+3 Stlth+}
   (You found it in a bailey)

   Dex:       It affects your dexterity (+3).
   rF:        It protects you from fire.
   rC:        It protects you from cold.
   Stlth:     It makes you more stealthy.
 C - a +2 pair of boots (worn)
 K - a +8 tower shield of poison resistance (worn)
 M - the +1 pair of gloves "Beaxkyuck" (worn) {rF+ Stlth+}
   (You acquired it in a wizard's laboratory)

   rF:        It protects you from fire.
   Stlth:     It makes you more stealthy.
Jewellery
 m - the ring "Wurracal" (left hand) {rC+ rN+ Will+ Str+3 Slay+2}
   (You found it on level 3 of the Crypt)

   [ring of positive energy]

   Str:       It affects your strength (+3).
   Slay:      It affects your accuracy & damage with ranged weapons and melee
   (+2).
   rC:        It protects you from cold.
   rN:        It protects you from negative energy.
   Will:      It increases your willpower.
 r - the ring of Vanity (right hand) {Contam Drain Str+6 Dex+7 SInv}
   (You found it on level 4 of the Realm of Zot)

   [ring of strength]

   Str:       It affects your strength (+6).
   Dex:       It affects your dexterity (+7).
   SInv:      It lets you see invisible.
   Contam:    It causes magical contamination when unequipped.
   Drain:     It drains your maximum health when unequipped.
 L - a ring of protection from fire
 V - the amulet of Zezeffis (around neck) {Rampage rElec rPois Regen+}
   (You found it on level 5 of the Pits of Slime)

   [amulet of regeneration]

   rElec:     It insulates you from electricity.
   rPois:     It protects you from poison.
   Regen:     It increases your rate of health regeneration.
   Rampage:   It bestows one free step when moving towards enemies.
 W - the ring "Iriunniu" {rC++ rCorr Str+3 Dex+6}
   (You acquired it on level 5 of the Lair of Beasts)

   [ring of dexterity]

   Str:       It affects your strength (+3).
   Dex:       It affects your dexterity (+6).
   rC:        It greatly protects you from cold.
   rCorr:     It protects you from acid and corrosion.
 X - a +6 ring of strength
Wands
 e - a wand of roots (48)
 i - a wand of light (31)
 o - a wand of charming (68)
 x - a wand of digging (21)
 D - a wand of mindburst (37)
 U - a wand of polymorph (8)
 Z - a wand of flame (39)
Scrolls
 b - 4 scrolls of butterflies
 f - 4 scrolls of teleportation
 g - a scroll of immolation
 h - a scroll of enchant weapon
 n - a scroll of enchant armour
 p - 3 scrolls of blinking
 t - a scroll of torment
 v - 17 scrolls of fear
 y - a scroll of vulnerability
 F - 14 scrolls of fog
 I - 4 scrolls of silence
 T - 11 scrolls of poison
 Y - 8 scrolls of magic mapping
Potions
 d - 7 potions of might
 j - a potion of lignification
 k - a potion of attraction
 l - 15 potions of heal wounds
 q - 6 potions of invisibility
 w - 30 potions of curing
 z - 9 potions of flight
 A - 8 potions of haste
 E - 6 potions of cancellation
 G - 7 potions of resistance
 O - 6 potions of berserk rage
 Q - 3 potions of magic
 R - 5 potions of ambrosia
Miscellaneous
 u - a lightning rod (4/4)
 B - a box of beasts
 N - a phial of floods
 P - a phantom mirror
 S - a condenser vane


   Skills:
 O Level 27 Fighting
 O Level 27 Axes
 O Level 27 Armour
 O Level 27 Dodging
 + Level 12.3 Stealth
 O Level 27 Shields
 * Level 20.9 Invocations


You had 26 spell levels left.
You didn't know any spells.
Your spell library contained the following spells:

 Spells                   Type           Power      Damage    Failure   Level
 Apportation              Tloc           0%         N/A       93%         1
 Beastly Appendage        Tmut           0%         N/A       93%         1
 Kiss of Death            Conj/Necr      0%         2d5       93%         1
 Magic Dart               Conj           0%         1d3       93%         1
 Necrotise                Necr           0%         1d4       93%         1
 Sandblast                Erth           0%         2d4       93%         1
 Shock                    Conj/Air       0%         1d3       93%         1
 Sting                    Tmut/Pois      0%         1d3       93%         1
 Blink                    Tloc           0%         N/A       98%         2
 Call Imp                 Summ           0%         N/A       98%         2
 Cigotuvi's Dreadful Rot  Necr/Pois/Air  0%         N/A       98%         2
 Ensorcelled Hibernation  Hex/Ice        0%         N/A       98%         2
 Lesser Beckoning         Tloc           0%         N/A       98%         2
 Momentum Strike          Conj/Tloc      0%         3d8       98%         2
 Passwall                 Tmut/Erth      0%         N/A       98%         2
 Poisonous Vapours        Pois/Air       0%         N/A       98%         2
 Static Discharge         Conj/Air       0%         2-2/arc   98%         2
 Sublimation of Blood     Necr           0%         N/A       98%         2
 Wereblood                Tmut           0%         N/A       98%         2
 Confusing Touch          Hex            0%         N/A       100%        3
 Dazzling Flash           Conj/Hex       0%         N/A       100%        3
 Hailstorm                Conj/Ice       0%         3d3       100%        3
 Ignite Poison            Fire/Tmut/Pois 0%         N/A       100%        3
 Inner Flame              Hex/Fire       0%         N/A       100%        3
 Mephitic Cloud           Conj/Pois/Air  0%         N/A       100%        3
 Spider Form              Tmut/Pois      0%         N/A       100%        3
 Stone Arrow              Conj/Erth      0%         3d7       100%        3
 Summon Guardian Golem    Hex/Summ       0%         N/A       100%        3
 Swiftness                Air            0%         N/A       100%        3
 Vhi's Electric Charge    Tloc/Air       0%         N/A       100%        3
 Airstrike                Air            0%         2d(0-16)  100%        4
 Anguish                  Hex/Necr       0%         N/A       100%        4
 Cause Fear               Hex            0%         N/A       100%        4
 Dispel Undead            Necr           0%         3d6       100%        4
 Flame Wave               Conj/Fire      0%         2d4       100%        4
 Fulminant Prism          Conj/Hex       0%         3d5       100%        4
 Ice Form                 Ice/Tmut       0%         N/A       100%        4
 Leda's Liquefaction      Hex/Erth       0%         N/A       100%        4
 Olgreb's Toxic Radiance  Pois           0%         N/A       100%        4
 Passage of Golubria      Tloc           0%         N/A       100%        4
 Petrify                  Tmut/Erth      0%         N/A       100%        4
 Sticky Flame             Conj/Fire      0%         2d3       100%        4
 Summon Ice Beast         Ice/Summ       0%         N/A       100%        4
 Summon Lightning Spire   Summ/Air       0%         N/A       100%        4
 Agony                    Necr           0%         N/A       100%        5
 Alistair's Intoxication  Tmut/Pois      0%         N/A       100%        5
 Arcjolt                  Conj/Air       0%         1d10      100%        5
 Blade Hands              Tmut           0%         N/A       100%        5
 Fireball                 Conj/Fire      0%         3d3       100%        5
 Irradiate                Conj/Tmut      0%         3d11      100%        5
 Iskenderun's Battlesphe  Conj           0%         2d6       100%        5
 Lee's Rapid Deconstruct  Erth           0%         3d4*      100%        5
 Lightning Bolt           Conj/Air       0%         1d11      100%        5
 Metabolic Englaciation   Hex/Ice        0%         N/A       100%        5
 Silence                  Hex/Air        0%         N/A       100%        5
 Summon Forest            Summ/Tloc      0%         N/A       100%        5
 Yara's Violent Unravell  Hex/Tmut       0%         3d3       100%        5
 Conjure Ball Lightning   Conj/Air       0%         3x3d6     100%        6
 Death Channel            Necr           0%         N/A       100%        6
 Eringya's Noxious Bog    Tmut/Pois      0%         N/A       100%        6
 Iron Shot                Conj/Erth      0%         9d1       100%        6
 Simulacrum               Ice/Necr       0%         N/A       100%        6
 Statue Form              Tmut/Erth      0%         N/A       100%        6
 Enfeeble                 Hex            0%         N/A       100%        7
 Malign Gateway           Summ/Tloc      0%         N/A       100%        7
 Orb of Destruction       Conj           0%         9d5       100%        7
 Ozocubu's Refrigeration  Ice            0%         4d7       100%        7
 Spellforged Servitor     Conj/Summ      0%         N/A       100%        7
 Storm Form               Tmut/Air       0%         N/A       100%        7
 Summon Hydra             Summ           0%         N/A       100%        7
 Borgnjor's Revivificati  Necr           0%         N/A       100%        8
 Discord                  Hex            0%         N/A       100%        8
 Ignition                 Fire           0%         3d3       100%        8
 Infestation              Necr           0%         N/A       100%        8
 Lehudib's Crystal Spear  Conj/Erth      0%         10d2      100%        8
 Maxwell's Capacitive Co  Air            0%         ∞         100%        8
 Necromutation            Tmut/Necr      0%         N/A       100%        8
 Summon Horrible Things   Summ           0%         N/A       100%        8
 Chain Lightning          Conj/Air       0%         N/A       100%        9
 Death's Door             Necr           0%         N/A       100%        9
 Fire Storm               Conj/Fire      0%         5d1       100%        9
 Shatter                  Erth           0%         3d5*      100%        9


Dungeon Overview and Level Annotations

Branches:
Dungeon (15/15)            Temple (1/1) D:5            Lair (5/5) D:9
 Shoals (4/4) Lair:3        Snake (4/4) Lair:2        Slime (5/5) Lair:4
    Orc (2/2) D:10            Elf (3/3) Orc:2        Vaults (5/5) D:13
  Crypt (3/3) Vaults:3       Tomb (0/3) Crypt:3      Depths (4/4) D:15
   Hell (visited)             Dis (0/7) Hell            Geh (0/7) Hell
    Coc (0/7) Hell            Tar (0/7) Hell            Zot (5/5) Depths:4
 Bailey (visited)          WizLab (visited)

Altars:
Ashenzari
Cheibriados
Dithmenos
Elyvilon
Fedhas
Gozag
Hepliaklqana
Kikubaaqudgha
Makhleb
Nemelex Xobeh
Okawaru
Qazlal
Ru
Sif Muna
Trog
Uskayaw
Vehumet
Wu Jian
Xom
Yredelemnul
Zin
The Shining One
Jiyva
Lugonu

Shops:
D:12 ((=[   D:14 *   D:15 *   Orc:1 *   Orc:2 ?!**   Elf:1 *   Elf:3 :
Shoals:1 :   Shoals:3 [   Snake:3 =:=:   Vaults:1 !   Vaults:5 =
Depths:4 ?!**

Portals:
Hell: Depths:1 Depths:2 Depths:3 Depths:4
Abyss: Depths:3
Pandemonium: Depths:2
Ziggurat: Depths:2

Annotations:
D:10 1 runed translucent door, boo's ghost, journeyman MfGl


Innate Abilities, Weirdness & Mutations

You have a pair of horns on your head.
You reflexively headbutt those who attack you in melee.
You are partially covered in large bone plates. (SH +4)
You sometimes lose your temper in combat.
You are extremely frail. (-30% HP)
Your magical capacity is low. (-10% MP)
You occasionally shout uncontrollably at your foes.
You are weak. (Str -2)


Message History

Something smites you!
* * * LOW HITPOINT WARNING * * *
The smoke demon moves out of view.
A tormentor comes into view.
The tormentor moves out of view.
A tormentor comes into view.
The tormentor roars!
A tormentor comes into view.
The tormentor moves out of view.
The Brimstone Fiend calls on the powers of darkness!
Your body is wracked with pain!
* * * LOW HITPOINT WARNING * * *
The smoke demon gestures at you. Something smites you!
* * * LOW HITPOINT WARNING * * *
As you read the scroll of teleportation, it crumbles to dust.
You feel strangely unstable.
The tormentor calls on the powers of darkness!
Your body is wracked with pain!
* * * LOW HITPOINT WARNING * * *
The smoke demon gestures at you. Something smites you!
* * * LOW HITPOINT WARNING * * *
A demonspawn corrupter comes into view.
It is wielding a +2 demon blade of electrocution.
You feel much better.
The demonspawn corrupter shouts!
The tormentor calls on the powers of darkness!
Your body is wracked with pain!
* * * LOW HITPOINT WARNING * * *
The tormentor calls on the powers of darkness!
Your body is wracked with pain!
* * * LOW HITPOINT WARNING * * *
The smoke demon gestures at you. Something smites you!
* * * LOW HITPOINT WARNING * * *
The Brimstone Fiend calls on the powers of darkness!
You feel a surge of unholy energy. The smoke demon gestures at you.
Something smites you!
You die...

...# ...# ..∩# ...#
...## ########### ....#
22....[.. ....#
###≈...§### ...)#
#.#.#§.2.§#.#.# [).##
#6#3#≈.@.≈#3#.#
.).#######.#3#§§..≈#3#.#
.........# #3#§...≈#3#
.........# #3#§...≈#1#
...##)^..# #.#≈...§#3#
#####....# #3#≈...≈#3#
...##...## #.#≈...≈#3#
...####'## #1#≈...≈#3#
...##....# #.#≈.§.≈#3#


You could see 2 Brimstone Fiends, a demonspawn corrupter, 7 smoke demons and 3
tormentors.

Vanquished Creatures
  the Royal Jelly (Slime:5)
  Mnoleg (Pan)
  4 dread liches
  9 pandemonium lords (Pan)
  2 orbs of fire
  2 ancient liches (Vaults:5)
  Mennas (Depths:3)
  A juggernaut (Abyss:4)
  Frederick (Crypt:1)
  Bai Suzhen (Depths:1)
  Saint Roka (Vaults:2)
  2 curse toes (Zot:1)
  Nikola (Vaults:1)
  Geryon (Hell)
  Jory (Crypt:3)
  8 golden dragons
  The ghost of Soammui the Slayer, an adept MiBe of Trog (Elf:3)
  An iron giant (Hell)
  4 bone dragons
  A doom hound (Depths:1)
  A hellephant (Abyss:4)
  3 electric golems
  14 Tzitzimimeh
  4 Brimstone Fiends (Pan)
  21 tentacled monstrosities
  3 Hell Sentinels (Pan)
  3 Ice Fiends (Pan)
  Rupert (D:12)
  8 Orb Guardians (Zot:5)
  4 titans (Vaults:5)
  4 deep elf blademasters
  A deep elf master archer (Elf:3)
  5 liches
  12 acid blobs
  6 death cobs
  Asterion (Elf:1)
  6 quicksilver dragons
  7 searing wretches
  Murray (Depths:1)
  6 sphinxes
  3 ancient champions (Crypt:3)
  34 Executioners
  18 storm dragons
  3 tengu reavers (Vaults:5)
  5 draconian monks
  17 azure jellies
  10 tentacled starspawn
  15 demonspawn warmongers (Pan)
  4 nagarajas
  Roxanne (Snake:2)
  18 shadow dragons
  5 draconian knights
  A daeva (Abyss:4)
  18 vault wardens
  A revenant (Crypt:1)
  15 rockslimes
  15 deep elf sorcerers
  5 fire giants
  An iron dragon (Vaults:5)
  9 balrugs
  Aizul (Shoals:2)
  A juggernaut zombie (Hell)
  3 frost giants
  2 caustic shrike zombies
  2 draconian scorchers (Zot:2)
  14 ghost moths
  5 draconian shifters
  14 cacodemons
  5 curse skulls
  6 draconian annihilators
  4 spriggan defenders (Depths:2)
  18 quicksilver oozes
  4 draconian stormcallers
  3 orc warlords
  9 deep elf elementalists
  15 ironbound preservers
  An angel (Abyss:4)
  13 very ugly things
  8 ironbound thunderhulks
  37 reapers
  2 demonspawn blood saints (Pan)
  3 war gargoyles (Vaults:5)
  18 demonspawn corrupters
  4 ghouls (Crypt:2)
  A spectral caustic shrike (Depths:3)
  2 juggernaut skeletons
  The ghost of Beavis the Covert, a journeyman NaFE (D:12)
  14 vampire knights
  Nessos (D:12)
  11 green draconians
  14 stone giants
  2 ophanim (Abyss:4)
  12 red draconians
  8 deep elf demonologists
  8 deep elf annihilators
  8 purple draconians
  A spark wasp (shapeshifter) (Vaults:5)
  10 demonspawn black suns (Pan)
  7 black draconians
  4 white draconians
  22 lorocyprocas
  10 yellow draconians
  7 dire elephants
  11 deep elf death magi
  5 spark wasps
  7 iron golems (Hell)
  10 green deaths
  8 blizzard demons
  3 eidola
  5 merfolk javelineers
  13 ettins
  An acid blob zombie (Crypt:1)
  Snorg (Orc:1)
  26 jiangshi
  3 fire dragons
  9 merfolk impalers
  5 deep elf high priests
  Josephine (D:10)
  39 vault guards
  10 great orbs of eyes
  7 rakshasas
  An entropy weaver (WizLab)
  3 spectral golden dragons (Depths:3)
  17 yaktaur captains
  Erolcha (D:9)
  Harold (Orc:1)
  3 juggernaut simulacra (Depths:3)
  A peacekeeper (Vaults:1)
  7 ice dragons
  A hell beast (Pan)
  6 salamander tyrants
  11 hydras
  8 anacondas
  2 alligator snapping turtles (Shoals:4)
  3 death knights
  A caustic shrike simulacrum (Depths:3)
  5 boulder beetles
  A fenstrider witch skeleton (Crypt:2)
  A stoker (Hell)
  11 ironbound frosthearts
  2 merfolk avatars
  2 ogre magi
  3 spriggan skeletons
  A spectral sphinx (Depths:3)
  Erica (Lair:2)
  3 catoblepae (Lair:5)
  39 dancing weapons
  11 centaur warriors
  8 naga warriors
  15 two-headed ogres
  2 spriggan air magi
  9 merfolk aquamancers
  9 deep troll shamans
  4 hell hogs
  A spectral fire giant (Depths:3)
  16 death yaks
  17 vampire magi
  Urug (Lair:2)
  18 deep elf knights
  5 deep troll earth magi
  3 storm dragon zombies (Crypt:3)
  A tengu warrior (D:13)
  2 shock serpents (Snake:2)
  8 naga sharpshooters
  5 thrashing horrors
  9 hell knights
  6 orc high priests
  A spriggan berserker (Depths:3)
  53 sun demons
  2 titan skeletons
  9 shadow wraiths (Pan)
  8 iron trolls
  3 salamander mystics
  23 sixfirhies
  2 cherubim (Abyss:4)
  32 soul eaters
  A spectral spark wasp (Depths:3)
  5 skysharks
  31 skeletal warriors
  5 golden dragon zombies
  A skyshark (shapeshifter) (Vaults:5)
  A bunyip zombie (Crypt:3)
  An anaconda zombie (Crypt:3)
  8 wretched stars
  14 shadow demons (Pan)
  9 naga ritualists
  A spriggan druid (WizLab)
  11 sea snakes
  64 deep trolls
  A quicksilver dragon simulacrum (Crypt:2)
  A tengu zombie (Depths:3)
  A bunyip skeleton (Pan)
  A bog body (Crypt:2)
  4 lindwurms (Vaults:1)
  5 flayed ghosts
  12 harpies
  12 wizards
  An anaconda skeleton (Crypt:2)
  A harpy (shapeshifter) (D:13)
  6 deep elf archers
  14 ironbound convokers
  A golden dragon skeleton (Depths:3)
  7 glowing orange brains
  19 deep elf pyromancers
  A steelbarb worm (shapeshifter) (WizLab)
  15 necromancers
  21 orc knights
  An iron dragon zombie (Depths:3)
  25 deep elf zephyrmancers
  A broodmother zombie (Crypt:1)
  5 mana vipers
  12 phantasmal warriors
  A shadow dragon skeleton (Crypt:1)
  44 ugly things
  4 orc sorcerers
  An oklob plant (Lair:1)
  4 cyclopes
  3 will-o-the-wisps
  13 shining eyes
  14 salamanders
  28 moths of wrath
  A human skeleton (Pan)
  2 centaur zombies
  10 worldbinders
  Maurice (D:12)
  16 manticores
  2 shock serpent zombies (Crypt:3)
  7 merfolk sirens
  5 guardian serpents
  8 rust devils
  A water nymph (shapeshifter) (Vaults:5)
  3 stone giant skeletons
  26 elephants
  2 fire giant skeletons
  An apocalypse crab (Abyss:4)
  An iron dragon skeleton (Depths:3)
  12 naga magi
  16 vault sentinels
  29 black mambas
  24 demonic crawlers
  2 torpor snails
  10 water nymphs
  53 smoke demons
  9 kobold demonologists
  2 titan simulacra (Crypt:3)
  7 cane toads
  A storm dragon simulacrum (Hell)
  6 unseen horrors
  19 tormentors
  4 centaur skeletons
  18 orange demons
  2 elf skeletons (Vaults:3)
  5 eyes of devastation
  2 spriggan zombies
  Psyche (D:8)
  A komodo dragon (shapeshifter) (Vaults:5)
  11 komodo dragons
  8 efreet
  9 hellions
  47 yaktaurs
  A tengu conjurer (D:13)
  4 ice devils
  A rime drake (Lair:4)
  A freezing wraith (Crypt:1)
  A spark wasp simulacrum (Depths:3)
  2 spectral glowing shapeshifters (Depths:3)
  An alligator snapping turtle skeleton (Pan)
  A harpy zombie (Crypt:3)
  5 red devils (Pan)
  2 polar bears
  5 ancient zymes
  The ghost of mandoloar the Magician, a novice DECj (D:5)
  A meliai (D:11)
  An iron troll skeleton (Crypt:3)
  8 trolls
  A wind drake (shapeshifter) (Vaults:5)
  25 merfolk
  21 hellwings
  5 hornets
  A sphinx simulacrum (Depths:3)
  A tengu simulacrum (Depths:3)
  8 wind drakes
  A stone giant simulacrum (Hell)
  A meliai zombie (Crypt:1)
  12 blink frogs
  3 harpy skeletons
  2 ettin zombies
  9 snapping turtles
  9 dream sheep
  A dream sheep (shapeshifter) (Vaults:5)
  Sigmund (D:3)
  82 large abominations
  A jumping spider (shapeshifter) (D:14)
  15 raiju
  75 slime creatures
  9 air elementals
  A fire giant simulacrum (Vaults:3)
  14 flying skulls
  A culicivora (shapeshifter) (D:15)
  A merfolk skeleton (Hell)
  2 ettin skeletons (Pan)
  21 vampires
  13 wraiths
  7 wyverns
  52 yaks
  A slime creature zombie (Crypt:2)
  5 spriggans
  37 water elementals
  3 fire bats (Depths:1)
  A shadow (D:11)
  A black mamba zombie (Hell)
  32 ynoxinuls
  5 basilisks
  2 elf zombies
  29 neqoxecs
  2 fire elementals
  A human (shapeshifter) (D:13)
  A black mamba skeleton (Pan)
  12 golden eyes
  21 chaos spawn
  6 vampire mosquitoes
  2 demonspawn zombies
  29 nagas
  2 wargs
  2 naga zombies (Crypt:3)
  A swamp worm (shapeshifter) (Vaults:5)
  A glowing shapeshifter zombie (D:15)
  An acid dragon (D:11)
  A two-headed ogre skeleton (Crypt:2)
  16 water moccasins
  2 floating eyes
  8 hell hounds
  A glowing shapeshifter skeleton (Depths:3)
  40 orc warriors
  2 sky beasts
  2 black bears
  2 ice beasts
  7 ogres
  17 wolves
  22 starcursed masses
  20 centaurs
  A vine stalker zombie (Crypt:3)
  An elephant skeleton (Crypt:2)
  4 kobold brigands
  12 bullfrogs
  5 gnoll sergeants
  A human simulacrum (Depths:3)
  A draconian skeleton (Crypt:3)
  3 earth elementals
  20 small abominations
  5 scorpions
  A salamander skeleton (Crypt:3)
  A wyvern zombie (Crypt:1)
  3 wights (D:8)
  A warg skeleton (Crypt:1)
  18 killer bees
  An electric eel (Snake:3)
  A howler monkey (D:11)
  7 hounds
  2 quasits (Abyss:4)
  22 orc priests
  A jelly (D:5)
  6 iguanas
  17 orc wizards
  10 hell rats
  A deep dwarf skeleton (Crypt:2)
  3 naga skeletons
  16 gnolls
  5 adders
  5 shadow imps
  3 white imps
  5 ufetubi
  3 worms
  2 dart slugs
  57 orcs
  A bat zombie (Crypt:1)
  5 endoplasms
  5 giant cockroaches
  4 goblins
  12 hobgoblins
  35 kobolds
  5 quokkas
  8 ball pythons
  5 bats
  7 frilled lizards
  A kobold zombie (Crypt:1)
  A quokka skeleton (Crypt:2)
  3 rats (D:1)
  A rat skeleton (Crypt:2)
  A spectral orc (D:9)
  4 fire vortices (Hell)
  3 lurking horrors
  12 starspawn tentacles
3209 creatures vanquished.

Vanquished Creatures (collateral kills)
  Gloorx Vloq (Pan)
  2 ancient liches (Zot:5)
  An orb of fire (Zot:5)
  2 Killer Klowns (Zot:5)
  7 Orb Guardians (Zot:5)
  A sphinx (Zot:5)
  2 large abominations (Pan)
16 creatures vanquished.

Vanquished Creatures (others)
  An orb of fire (Zot:5)
  10 Orb Guardians (Zot:5)
  A quicksilver dragon (Zot:5)
  An eldritch tentacle (Pan)
  2 storm dragons (Zot:5)
  A draconian monk (Zot:5)
  A vault warden (Vaults:1)
  A ghost moth (Zot:1)
  2 demonspawn blood saints (Pan)
  An ironbound preserver (Vaults:1)
  A black draconian (Zot:5)
  A red draconian (Zot:5)
  A two-headed ogre (Depths:2)
  2 naga warriors (Snake:4)
  A naga sharpshooter (Snake:4)
  A sun demon (Pan)
  A deep elf knight (Elf:1)
  A flayed ghost (Abyss:4)
  An orange crystal statue (Zot:5)
  3 deep elf zephyrmancers
  A moth of wrath (Zot:5)
  A guardian serpent (Snake:4)
  3 naga magi (Snake:4)
  2 large abominations (Abyss:4)
  A raiju (Abyss:1)
  A vampire (D:11)
  2 small abominations (Abyss:1)
  A chaos spawn (Pan)
  A naga (Snake:4)
  An orc warrior (Vaults:5)
  An ogre (Depths:2)
  A wolf (Lair:3)
  2 starcursed masses (Abyss:4)
  An orc wizard (D:8)
  3 demonic plants (Pan)
  4 foxfires
  19 fungi
  58 plants
  13 starspawn tentacles
  A withered plant (D:15)
151 creatures vanquished.

Grand Total: 3376 creatures vanquished

Notes
Turn   | Place    | Note
-------+----------+-------------------------------------------
     0 | D:1      | Iich the Minotaur Fighter began the quest for the Orb.
     0 | D:1      | Reached XP level 1. HP: 19/19 MP: 0/0
    82 | D:1      | Reached XP level 2. HP: 26/27 MP: 1/1
   250 | D:1      | Reached XP level 3. HP: 32/33 MP: 2/2
   887 | D:2      | Reached XP level 4. HP: 41/41 MP: 3/3
  1322 | D:2      | Identified 2 scrolls of acquirement
  1322 | D:2      | Acquired the ring "Lyses" {rPois Str+3 Dex+3}
  1325 | D:2      | Acquired 739 gold pieces
  1439 | D:3      | Reached skill level 5 in Axes
  1752 | D:3      | Noticed Sigmund
  1770 | D:3      | Killed Sigmund
  1771 | D:3      | Reached skill level 5 in Fighting
  1771 | D:3      | Reached XP level 5. HP: 46/48 MP: 4/4
  1771 | D:3      | Reached XP level 6. HP: 54/56 MP: 5/5
  2467 | D:4      | Found a snail-covered altar of Cheibriados.
  2500 | D:4      | Reached skill level 5 in Shields
  2672 | D:5      | Entered Level 5 of the Dungeon
  2706 | D:5      | Noticed mandoloar's ghost (novice DECj)
  2708 | D:5      | Reached XP level 7. HP: 62/62 MP: 6/6
  2744 | D:5      | Found a radiant altar of Vehumet.
  2800 | D:5      | Found a transporter.
  2804 | D:5      | Found a transporter.
  2882 | D:5      | Found a staircase to the Ecumenical Temple.
  2900 | Temple   | Entered the Ecumenical Temple
  2994 | Temple   | Became a worshipper of Gozag Ym Sagoz the Greedy
  3246 | D:5      | Found a stormy altar of Qazlal.
  3280 | D:5      | Found a glowing silver altar of Zin.
  3492 | D:5      | Found a hide-covered altar of Uskayaw.
  3540 | D:5      | Killed mandoloar's ghost
  3697 | D:6      | Reached XP level 8. HP: 71/71 MP: 7/7
  4383 | D:6      | Reached skill level 10 in Axes
  6135 | D:7      | Found an ancient bone altar of Kikubaaqudgha.
  6527 | D:7      | Reached XP level 9. HP: 73/81 MP: 8/8
  6535 | D:7      | Identified the +2 ring mail of Resilience {rElec rPois}
  7077 | D:7      | Found a broken altar of Ashenzari.
  7403 | D:8      | Noticed a two-headed ogre
  7458 | D:8      | Killed a two-headed ogre
  7881 | D:8      | Noticed Psyche
  7936 | D:8      | Killed Psyche
  7937 | D:8      | Reached skill level 5 in Armour
  8178 | D:8      | Reached XP level 10. HP: 87/91 MP: 9/9
  8645 | D:9      | Found a glowing golden altar of the Shining One.
  8748 | D:9      | Noticed a rust devil
  8824 | D:9      | Found a flagged portal.
  8887 | Bailey   | Entered a bailey
  9119 | Bailey   | Noticed an orc knight
  9181 | Bailey   | Killed an orc knight
  9185 | Bailey   | Reached skill level 10 in Fighting
  9323 | Bailey   | Identified the +6 morningstar of Psychosis {vamp, Stlth+}
  9324 | Bailey   | Identified the +1 helmet of Experimentation {Contam rC++
                  | Int+2}
  9326 | Bailey   | Identified the +3 crystal plate armour of Youthful
                  | Indiscretion {rF+ rC+ Dex+3 Stlth+}
  9561 | D:9      | Found a shadowy altar of Dithmenos.
  9762 | D:9      | Noticed Erolcha
  9773 | D:9      | Killed Erolcha
  9774 | D:9      | Reached skill level 10 in Shields
  9891 | D:9      | Found a staircase to the Lair.
  9929 | D:9      | Found a basalt altar of Yredelemnul.
 10295 | D:10     | Entered Level 10 of the Dungeon
 10295 | D:10     | Noticed Josephine
 10304 | D:10     | Reached XP level 11. HP: 84/101 MP: 10/10
 10308 | D:10     | Killed Josephine
 10428 | D:10     | Noticed a two-headed ogre
 10436 | D:10     | Killed a two-headed ogre
 10487 | D:10     | Found a sacrificial altar of Ru.
 10596 | D:10     | Found a staircase to the Orcish Mines.
 10806 | D:10     | Found a runed translucent door.
 10807 | D:10     | Noticed a fire dragon
 10807 | D:10     | Noticed boo's ghost (journeyman MfGl)
 10949 | D:10     | Found a burning altar of Makhleb.
 11167 | Lair:1   | Entered Level 1 of the Lair of Beasts
 11203 | Lair:1   | Reached skill level 15 in Axes
 11683 | Lair:1   | Reached XP level 12. HP: 87/111 MP: 11/11
 11818 | Lair:1   | Found a glowing silver altar of Zin.
 12647 | Lair:2   | Noticed Erica
 12648 | Lair:2   | Found a staircase to the Snake Pit.
 12676 | Lair:2   | Noticed Urug
 12696 | Lair:2   | Killed Urug
 13154 | Lair:2   | Noticed a six-headed hydra
 13169 | Lair:2   | Killed a nine-headed hydra
 13170 | Lair:2   | Reached skill level 10 in Armour
 13276 | Lair:2   | Killed Erica
 13871 | Lair:3   | Noticed a seven-headed hydra
 14593 | Lair:3   | Killed a 20-headed hydra
 14806 | Lair:3   | Noticed a seven-headed hydra
 14818 | Lair:3   | Killed a 13-headed hydra
 14819 | Lair:3   | Reached XP level 13. HP: 43/119 MP: 12/12
 15052 | Lair:3   | Found a staircase to the Shoals.
 16223 | Lair:4   | Found a staircase to the Slime Pits.
 16223 | Lair:4   | Found a viscous altar of Jiyva.
 16736 | Lair:5   | Entered Level 5 of the Lair of Beasts
 17195 | Lair:5   | Acquired the ring "Iriunniu" {rC++ rCorr Str+3 Dex+6}
 17314 | Lair:5   | Reached XP level 14. HP: 116/132 MP: 13/13
 18147 | D:11     | You fall into a shaft and drop 1 floor!
 18163 | D:12     | Found Kutem's Jewellery Shop.
 18656 | D:11     | Identified the +2 robe of Oryrosau {Stlth+}
 18666 | D:11     | Reached skill level 15 in Fighting
 19511 | D:12     | Noticed Maurice
 19519 | D:12     | Killed Maurice
 19592 | D:12     | Found Boshic's Antique Weapon Boutique.
 19789 | D:12     | Noticed Rupert
 19792 | D:12     | Paralysed by Rupert for 2 turns
 19824 | D:12     | Killed Rupert
 19825 | D:12     | Reached skill level 15 in Shields
 19825 | D:12     | Reached XP level 15. HP: 54/141 MP: 14/14
 19950 | D:12     | Noticed Nessos
 19966 | D:12     | Killed Nessos
 20143 | D:12     | Found Falamaav's Antique Weapon Shoppe.
 20154 | D:12     | Found a runed translucent gate.
 20155 | D:12     | Found a runed translucent gate.
 20155 | D:12     | Found a runed translucent gate.
 20155 | D:12     | Noticed Beavis's ghost (journeyman NaFE)
 20179 | D:12     | Killed Beavis's ghost
 20288 | D:12     | Found Kosko's Antique Armour Emporium.
 20660 | D:13     | Found a gate to the Vaults.
 21441 | D:12     | Bought a jewelled battleaxe for 218 gold pieces
 21441 | D:12     | Identified the +5 battleaxe "Sopnis" {flame, rF+ Int+4
                  | Stlth+} (You bought it in a shop on level 12 of the
                  | Dungeon)
 21630 | D:14     | Identified the +7 falchion of Ashenzari's Hope {pain,
                  | Fragile rElec Int+5}
 21649 | D:14     | Found Zaom's Assorted Antiques.
 21652 | D:14     | Bought a runed cloak for 285 gold pieces
 21652 | D:14     | Bought a condenser vane for 1520 gold pieces
 22153 | D:15     | Entered Level 15 of the Dungeon
 22153 | D:15     | Found Kef Puseamna's Assorted Antiques.
 22209 | D:15     | Bought a potion of heal wounds for 175 gold pieces
 22209 | D:15     | Bought a scroll of identify for 70 gold pieces
 22209 | D:15     | Bought a scroll of identify for 70 gold pieces
 22355 | D:15     | Found a staircase to the Depths.
 22780 | D:15     | Acquired the +8 mithril axe "Arga" {speed, Will+}
 22780 | D:15     | Found the +8 mithril axe "Arga" {speed, Will+}
 23510 | Orc:1    | Entered Level 1 of the Orcish Mines
 23517 | Orc:1    | Noticed Harold
 23526 | Orc:1    | Killed Harold
 23542 | Orc:1    | Noticed Snorg
 23548 | Orc:1    | Found Dyngir's General Store.
 23562 | Orc:1    | Killed Snorg
 23844 | Orc:2    | Entered Level 2 of the Orcish Mines
 24388 | Orc:2    | Reached XP level 16. HP: 152/152 MP: 15/15
 24458 | Orc:2    | Found Wemosuc's General Store.
 24458 | Orc:2    | Found Yxzuagg's Assorted Antiques.
 24462 | Orc:2    | Found Vuadiona's Distillery.
 24462 | Orc:2    | Found Upnu's Magic Scroll Emporium.
 24549 | Orc:2    | Found a staircase to the Elven Halls.
 24728 | Orc:2    | Bought a scroll of identify for 28 gold pieces
 24730 | Orc:2    | Bought a potion of heal wounds for 50 gold pieces
 24730 | Orc:2    | Bought a potion of heal wounds for 50 gold pieces
 24732 | Orc:2    | Bought a scroll of blinking for 262 gold pieces
 24732 | Orc:2    | Bought a scroll of magic mapping for 262 gold pieces
 24864 | Snake:1  | Entered Level 1 of the Snake Pit
 25011 | Snake:1  | Reached skill level 15 in Armour
 25563 | Snake:2  | Noticed Roxanne
 25585 | Snake:2  | Killed Roxanne
 26999 | Snake:3  | Found Alejuha's Book Shop.
 27324 | Snake:3  | Found Cyuqepa's Jewellery Emporium.
 27325 | Snake:3  | Found Dexick's Book Shop.
 27327 | Snake:3  | Found Heofum Sege's Jewellery Emporium.
 27362 | Snake:3  | Identified the +2 buckler "Yninaep" {rCorr}
 27931 | Shoals:1 | Entered Level 1 of the Shoals
 27931 | Shoals:1 | Found Ibbofoll's Vocational Training.
 27953 | Shoals:1 | Reached skill level 1 in Dodging
 28061 | Shoals:1 | Identified the +11 mace of Gozag's Benevolence {spect,
                  | rPois rF- rN+}
 28585 | Shoals:2 | Noticed Aizul
 28603 | Shoals:2 | Killed Aizul
 28684 | Shoals:2 | Reached XP level 17. HP: 163/163 MP: 16/16
 29196 | Shoals:2 | Reached skill level 5 in Dodging
 29752 | Shoals:3 | Found Heori's Antique Armour Shop.
 30334 | Snake:4  | Entered Level 4 of the Snake Pit
 31104 | Snake:4  | Got a serpentine rune of Zot
 31850 | Shoals:4 | Entered Level 4 of the Shoals
 32139 | Shoals:4 | Identified the ring of Quneis {rC+ AC+4 Int+3}
 32145 | Shoals:4 | Reached skill level 10 in Dodging
 32251 | Shoals:4 | Reached XP level 18. HP: 119/176 MP: 17/17
 32631 | Shoals:4 | Paralysed by an air elemental for 1 turns
 32774 | Shoals:4 | Got a barnacled rune of Zot
 32882 | Shoals:4 | Found a hazy altar of Hepliaklqana.
 33358 | Vaults:1 | Entered Level 1 of the Vaults
 33455 | Vaults:1 | Noticed Nikola
 33658 | Vaults:1 | Found Botaggin's Distillery.
 33666 | Vaults:1 | Bought a potion of cancellation for 112 gold pieces
 33666 | Vaults:1 | Bought a potion of mutation for 112 gold pieces
 33666 | Vaults:1 | Reached XP level 19. HP: 183/183 MP: 18/18
 33989 | Vaults:1 | HP: 1/183 [Nikola/arc of chain lightning (85)]
 33998 | Vaults:1 | Killed Nikola
 34167 | Vaults:1 | Identified the +2 hand axe "Dooninwo" {pain, Fly rPois}
 35008 | Vaults:2 | You fall into a shaft and drop 2 floors!
 35722 | Vaults:3 | Reached XP level 20. HP: 193/193 MP: 19/19
 35814 | Vaults:2 | Reached skill level 15 in Dodging
 36781 | Vaults:2 | Identified the +0 buckler "Lattaix" {rC+}
 36832 | Vaults:2 | Noticed Saint Roka
 36852 | Vaults:2 | Killed Saint Roka
 37381 | Vaults:3 | Paralysed by a great orb of eyes for 4 turns
 37471 | Vaults:3 | Identified the +0 pair of boots of the Locust {rCorr}
 37495 | Vaults:3 | Identified the +8 arbalest of Xuhutoa {heavy, rC+}
 37541 | Vaults:3 | Noticed a bone dragon
 37559 | Vaults:3 | Killed a bone dragon
 37560 | Vaults:3 | Found a staircase to the Crypt.
 39069 | Elf:1    | Entered Level 1 of the Elven Halls
 39183 | Elf:1    | Noticed Asterion
 39200 | Elf:1    | Paralysed by an air elemental for 1 turns
 39211 | Elf:1    | Gained mutation: You are frail. (-10% HP) [a cacodemon]
 39218 | Elf:1    | Killed Asterion
 39219 | Elf:1    | Reached XP level 21. HP: 123/184 MP: 20/20
 39579 | Elf:1    | Found Daek's General Store.
 39587 | Elf:1    | Bought a scroll of enchant armour for 90 gold pieces
 39587 | Elf:1    | Bought a scroll of enchant armour for 90 gold pieces
 40145 | Elf:2    | Found a runed translucent gate.
 40145 | Elf:2    | Found a runed translucent gate.
 40147 | Elf:2    | Found a runed translucent gate.
 40212 | Elf:2    | Found a magical portal.
 40233 | WizLab   | Entered Alistair's Party Mansion
 40641 | WizLab   | Got the Handbook of Nausea and Changes
 40645 | WizLab   | Acquired the +1 pair of gloves "Beaxkyuck" {rF+ Stlth+}
 40661 | WizLab   | Got the Precepts of the Mutagenic Panacea
 40727 | WizLab   | Noticed a golden dragon
 40727 | WizLab   | Noticed a golden dragon
 40727 | WizLab   | Noticed a golden dragon
 40734 | WizLab   | Noticed a golden dragon
 40734 | WizLab   | Noticed a golden dragon
 40746 | WizLab   | Noticed a golden dragon
 40746 | WizLab   | Noticed a golden dragon
 40746 | WizLab   | Noticed a golden dragon
 40747 | WizLab   | Noticed a golden dragon
 41482 | Elf:2    | Paralysed by an air elemental for 1 turns
 41684 | Elf:2    | Reached skill level 27 in Axes
 41781 | Elf:3    | Entered Level 3 of the Elven Halls
 41781 | Elf:3    | Found Vouppace's Book Boutique.
 41933 | Elf:3    | Found a runed translucent gate.
 41933 | Elf:3    | Found a runed translucent gate.
 41934 | Elf:3    | Found a runed translucent gate.
 41934 | Elf:3    | Noticed Soammui's ghost (adept MiBe)
 41938 | Elf:3    | Found a viscous altar of Jiyva.
 42084 | Elf:3    | Paralysed by an air elemental for 1 turns
 42215 | Elf:3    | Killed Soammui's ghost
 42580 | Elf:3    | Reached XP level 22. HP: 145/195 MP: 21/21
 42891 | Elf:3    | Paralysed by an air elemental for 1 turns
 42951 | Elf:3    | Identified the ring of Spring {Fire Will+}
 43084 | Elf:3    | Identified the ring of Lies {rPois rF+++ rCorr Str-3
                  | Stlth+}
 43103 | Elf:3    | Found the +8 lance "Wyrmbane" {slay drac, rPois rF+ rC+
                  | AC+3}
 43140 | Elf:3    | Got the Handbook of the Vile Plateau
 43196 | Elf:3    | Identified the +3 quarterstaff of Darkness {flame, rF+
                  | Will+++ Str-4 Dex+6}
 43196 | Elf:3    | Identified the +0 leather armour "Forget-Me-Not" {Fly
                  | rPois}
 43545 | Depths:1 | Entered Level 1 of the Depths
 43576 | Depths:1 | Noticed Bai Suzhen
 43605 | Depths:1 | Killed Bai Suzhen
 43788 | Depths:1 | Found a shimmering blue altar of Sif Muna.
 43828 | Depths:1 | Identified the +2 great mace of Guilt {holy, rF+ Will++
                  | Dex-4 Stlth+}
 44097 | Depths:1 | Found a gateway to Hell.
 44212 | Depths:2 | Found a one-way gate leading to the halls of Pandemonium.
 44644 | Depths:2 | Identified the +1 ring mail of the Howling Gods {rElec rF++
                  | Will+ Int+3}
 44878 | Depths:2 | Acquired a manual of Armour
 45042 | Depths:2 | Found a one-way gateway to a ziggurat.
 45287 | Depths:3 | Noticed Mennas
 45330 | Depths:3 | Killed Mennas
 45541 | Depths:3 | Found a shimmering altar of Xom.
 45541 | Depths:3 | Found a shimmering altar of Xom.
 45542 | Depths:3 | Found a shimmering altar of Xom.
 45542 | Depths:3 | Found a shimmering altar of Xom.
 45542 | Depths:3 | Found a shimmering altar of Xom.
 45546 | Depths:3 | Found a shimmering altar of Xom.
 45610 | Depths:3 | Found an ancient bone altar of Kikubaaqudgha.
 45687 | Depths:3 | Reached XP level 23. HP: 206/206 MP: 22/22
 46035 | Depths:3 | Identified the +2 war axe "Veddamuh" {freeze, rElec}
 46067 | Depths:3 | Paralysed by a floating eye for 2 turns
 46163 | Depths:3 | Found a corrupted altar of Lugonu.
 46165 | Depths:3 | Found a one-way gate to the infinite horrors of the Abyss.
 46585 | Depths:3 | Identified the +2 scale mail "Nyar" {rN+}
 46587 | Depths:3 | Identified the +4 shortbow of the Bedazzling Gods {flame,
                  | rElec rF+ rCorr}
 46689 | Depths:4 | Entered Level 4 of the Depths
 46689 | Depths:4 | Found Gogatral's General Store.
 46886 | Depths:4 | Found a gate to the Realm of Zot.
 47741 | Depths:4 | Found Kucituck's Magic Scroll Shop.
 47749 | Depths:4 | Bought a scroll of magic mapping for 150 gold pieces
 47749 | Depths:4 | Bought a scroll of teleportation for 60 gold pieces
 47770 | Depths:4 | Found Xofik's Distillery.
 47772 | Depths:4 | Found Zaolaall's General Store.
 47778 | Depths:4 | Bought a potion of heal wounds for 85 gold pieces
 47778 | Depths:4 | Bought a potion of heal wounds for 85 gold pieces
 48293 | Vaults:5 | Entered Level 5 of the Vaults
 48518 | Vaults:5 | Noticed a dread lich
 48539 | Vaults:5 | Killed a dread lich
 48867 | Vaults:5 | Identified the +9 sling "Heost" {flame, rC+ Dex+2}
 48868 | Vaults:5 | Identified the +8 dagger "Ziegumutz" {speed, Dex+2}
 48917 | Vaults:5 | Noticed an ancient lich
 48989 | Vaults:5 | Killed an ancient lich
 49021 | Vaults:5 | Noticed a dread lich
 49030 | Vaults:5 | Reached XP level 24. HP: 214/214 MP: 22/22
 49056 | Vaults:5 | Killed a dread lich
 49104 | Vaults:5 | Identified the +6 battleaxe of the Fuzzy God {flame,
                  | Fragile rCorr Stlth+}
 49193 | Vaults:5 | Noticed an ancient lich
 49211 | Vaults:5 | Killed an ancient lich
 49319 | Vaults:5 | Got a silver rune of Zot
 49321 | Vaults:5 | Got Sif Muna's Excursus on Transfiguration and the Undead
 49330 | Vaults:5 | Identified the +1 ring mail of Fortitude {+Blink rCorr}
 49733 | Vaults:5 | Identified the +1 flail "Plojy" {heavy, Int+2}
 49758 | Vaults:5 | Identified the +1 arbalest "Celox" {penet, rElec}
 49834 | Vaults:5 | Found Omaras Foycs's Jewellery Emporium.
 49839 | Vaults:5 | Identified the amulet "Xoqiydith" {Spirit Regen+}
 50519 | Slime:1  | Entered Level 1 of the Pits of Slime
 50562 | Slime:1  | Gained mutation: You are occasionally teleported next to
                  | monsters. [a shining eye]
 50659 | Slime:3  | Gained mutation: You have an increased reservoir of magic.
                  | (+10% MP) [a shining eye]
 50688 | Slime:3  | Gained mutation: You occasionally lose the ability to read
                  | scrolls when taking damage. [a shining eye]
 50699 | Slime:3  | Gained mutation: You are weak. (Str -2) [a shining eye]
 50701 | Slime:3  | Gained mutation: You are vulnerable to heat. (rF-) [a
                  | shining eye]
 50707 | Slime:3  | Lost mutation: You are vulnerable to heat. (rF-) [potion of
                  | mutation]
 50707 | Slime:3  | Lost mutation: You are weak. (Str -2) [potion of mutation]
 50707 | Slime:3  | Gained mutation: You have sharp toenails. [potion of
                  | mutation]
 50707 | Slime:3  | Gained mutation: Your flesh is cold resistant. (rC+)
                  | [potion of mutation]
 50766 | Slime:4  | Gained mutation: You are vulnerable to heat. (rF-) [a
                  | shining eye]
 50772 | Slime:5  | Entered Level 5 of the Pits of Slime
 50863 | Slime:5  | Noticed the Royal Jelly
 50964 | Slime:5  | Lost mutation: Your flesh is cold resistant. (rC+) [potion
                  | of mutation]
 50964 | Slime:5  | Lost mutation: You are occasionally teleported next to
                  | monsters. [potion of mutation]
 50964 | Slime:5  | Lost mutation: You are frail. (-10% HP) [potion of
                  | mutation]
 50964 | Slime:5  | Gained mutation: You are frail. (-10% HP) [potion of
                  | mutation]
 50964 | Slime:5  | Gained mutation: You are strong-willed. (Will+) [potion of
                  | mutation]
 50964 | Slime:5  | Gained mutation: You are partially covered in large bone
                  | plates. (SH +4) [potion of mutation]
 51012 | Slime:5  | Found a viscous altar of Jiyva.
 51055 | Slime:5  | Killed the Royal Jelly
 51068 | Slime:5  | Gained mutation: You have a pair of large horns on your
                  | head. [a shining eye]
 51447 | Slime:5  | Identified the amulet of Zezeffis {Rampage rElec rPois
                  | Regen+}
 51489 | Slime:5  | Identified the +1 chain mail "Evaur" {Will- Regen+ rCorr
                  | Int+5}
 51491 | Slime:5  | Got a slimy rune of Zot
 51515 | Slime:5  | Identified the ring "Hasufev" {Will+ Dex+6}
 51752 | Slime:5  | Gained mutation: You are clumsy. (Dex -2) [a shining eye]
 51756 | Slime:5  | Gained mutation: Potions are less effective at restoring
                  | your health. [a shining eye]
 52197 | Lair:4   | Lost mutation: You have an increased reservoir of magic.
                  | (+10% MP) [potion of mutation]
 52197 | Lair:4   | Lost mutation: Potions are less effective at restoring your
                  | health. [potion of mutation]
 52197 | Lair:4   | Lost mutation: You are vulnerable to heat. (rF-) [potion of
                  | mutation]
 52197 | Lair:4   | Lost mutation: You are partially covered in large bone
                  | plates. (SH +4) [potion of mutation]
 52197 | Lair:4   | Gained mutation: You have hidden genetic potential. [potion
                  | of mutation]
 52198 | Lair:4   | Lost mutation: You are clumsy. (Dex -2) [potion of
                  | mutation]
 52198 | Lair:4   | Lost mutation: You have sharp toenails. [potion of
                  | mutation]
 52198 | Lair:4   | Lost mutation: You have a pair of large horns on your head.
                  | [potion of mutation]
 52198 | Lair:4   | Gained mutation: Your spells are a little harder to cast,
                  | but a little more powerful. [potion of mutation]
 52198 | Lair:4   | Gained mutation: You are very frail. (-20% HP) [potion of
                  | mutation]
 52198 | Lair:4   | Gained mutation: Your spells are harder to cast, but more
                  | powerful. [potion of mutation]
 52199 | Lair:4   | Lost mutation: You are very frail. (-20% HP) [potion of
                  | mutation]
 52199 | Lair:4   | Lost mutation: You are frail. (-10% HP) [potion of
                  | mutation]
 52199 | Lair:4   | Gained mutation: You are partially covered in large bone
                  | plates. (SH +4) [potion of mutation]
 52199 | Lair:4   | Lost mutation: You have hidden genetic potential. [potion
                  | of mutation]
 52199 | Lair:4   | Gained mutation: You are covered in fur. (AC +1) [potion of
                  | mutation]
 52524 | Depths:3 | Voluntarily entered the Abyss.
 52704 | Abyss:1  | Found a corrupted altar of Lugonu.
 52776 | Abyss:1  | Paralysed by an air elemental for 1 turns
 53193 | Depths:3 | Escaped the Abyss
 53198 | Depths:3 | Voluntarily entered the Abyss.
 53203 | Abyss:1  | Found a corrupted altar of Lugonu.
 53291 | Abyss:2  | Found a corrupted altar of Lugonu.
 53400 | Abyss:3  | Reached skill level 27 in Fighting
 53526 | Abyss:3  | Reached XP level 25. HP: 249/257 MP: 22/22
 53753 | Depths:3 | Escaped the Abyss
 53919 | Depths:3 | Voluntarily entered the Abyss.
 53937 | Abyss:4  | Found a corrupted altar of Lugonu.
 54055 | Abyss:4  | Noticed a dread lich
 54065 | Abyss:4  | Killed a dread lich
 54116 | Abyss:4  | Paralysed by accursed screaming for 1 turns
 54177 | Abyss:4  | Lost mutation: Your spells are harder to cast, but more
                  | powerful. [a neqoxec]
 54297 | Abyss:4  | Found a glowing golden altar of the Shining One.
 54326 | Abyss:4  | Noticed a juggernaut
 54338 | Abyss:4  | Killed a juggernaut
 54341 | Abyss:4  | Got an abyssal rune of Zot
 54356 | Abyss:4  | Found a glowing golden altar of the Shining One.
 54455 | Abyss:4  | Found a glowing golden altar of the Shining One.
 54478 | Depths:3 | Escaped the Abyss
 54524 | Zot:1    | Entered Level 1 of the Realm of Zot
 55113 | Zot:1    | Lost mutation: You occasionally lose the ability to read
                  | scrolls when taking damage. [potion of mutation]
 55113 | Zot:1    | Lost mutation: You are partially covered in large bone
                  | plates. (SH +4) [potion of mutation]
 55113 | Zot:1    | Gained mutation: Your system is resistant to poisons.
                  | (rPois) [potion of mutation]
 55114 | Zot:1    | Lost mutation: You are strong-willed. (Will+) [potion of
                  | mutation]
 55114 | Zot:1    | Lost mutation: You are covered in fur. (AC +1) [potion of
                  | mutation]
 55114 | Zot:1    | Gained mutation: You are partially covered in iridescent
                  | scales. (AC +2) [potion of mutation]
 55114 | Zot:1    | Gained mutation: You are strong-willed. (Will+) [potion of
                  | mutation]
 56474 | Zot:2    | Reached XP level 26. HP: 251/266 MP: 22/22
 57220 | Zot:3    | Noticed an orb of fire
 57243 | Zot:3    | Killed an orb of fire
 57462 | Zot:3    | Reached skill level 27 in Armour
 58154 | Zot:3    | Found a hide-covered altar of Uskayaw.
 58407 | Zot:4    | Identified the ring of Vanity {Contam Drain Str+6 Dex+7
                  | SInv}
 58826 | Zot:5    | Entered Level 5 of the Realm of Zot
 58937 | Zot:5    | Noticed a dread lich
 58937 | Zot:5    | Noticed an ancient lich
 59137 | Zot:5    | Noticed an ancient lich
 59152 | Zot:5    | Noticed an orb of fire
 59160 | Zot:5    | Noticed a dread lich
 59381 | Zot:5    | Killed an orb of fire
 59397 | Zot:5    | Killed an ancient lich
 59397 | Zot:5    | Noticed an ancient lich
 59416 | Zot:5    | Killed an ancient lich
 59439 | Zot:5    | Noticed an orb of fire
 59439 | Zot:5    | Noticed an orb of fire
 59453 | Zot:5    | Killed an orb of fire
 59459 | Zot:5    | Killed an orb of fire
 59909 | Zot:5    | Killed a dread lich
 60646 | D:9      | Fell from the grace of Gozag
 60646 | D:9      | Became a worshipper of the Shining One
 60902 | Crypt:1  | Entered Level 1 of the Crypt
 60956 | Crypt:1  | Reached * piety under the Shining One
 60971 | Crypt:1  | Noticed Frederick
 60995 | Crypt:1  | Killed Frederick
 61193 | Crypt:1  | Reached ** piety under the Shining One
 61207 | Crypt:1  | Reached skill level 1 in Invocations
 61426 | Crypt:1  | Reached skill level 27 in Shields
 61564 | Crypt:1  | Reached *** piety under the Shining One
 61713 | Crypt:2  | Reached **** piety under the Shining One
 61724 | Crypt:2  | Reached XP level 27. HP: 273/273 MP: 24/24
 61827 | Crypt:2  | Reached ***** piety under the Shining One
 61905 | Crypt:2  | Acquired 718 gold pieces
 62205 | Crypt:2  | Identified the +8 great sword of the Past {flame, MP+9
                  | Dex+7}
 62412 | Crypt:3  | Entered Level 3 of the Crypt
 62519 | Crypt:3  | Reached ****** piety under the Shining One
 62529 | Crypt:3  | Found a staircase to the Tomb.
 62667 | Crypt:3  | Reached skill level 5 in Invocations
 62794 | Crypt:3  | Identified the ring of Okawaru's Envy {Wiz Will+ Int+3
                  | Stlth+}
 63313 | Crypt:3  | Noticed Jory
 63334 | Crypt:3  | Killed Jory
 63720 | Crypt:3  | Identified the +0 cloak of the Wilderness {rElec Will+
                  | rCorr MP+9}
 63736 | Crypt:3  | Identified the ring "Wurracal" {rC+ rN+ Will+ Str+3 Slay+2}
 63736 | Crypt:3  | Identified the ring of Pyn Emiz {rF+ rN+}
 63751 | Crypt:3  | Got Bomn's Book of the Barrage and the Blizzard
 64093 | Hell     | Entered the Vestibule of Hell
 64094 | Hell     | Noticed Geryon
 64111 | Hell     | Noticed Murray
 64299 | Depths:1 | Killed Murray
 64671 | Hell     | Killed Geryon
 64750 | Hell     | Found a gateway to the ashen valley of Gehenna.
 64795 | Hell     | Found a gateway to the decaying netherworld of Tartarus.
 64853 | Hell     | Found a gateway to the freezing wastes of Cocytus.
 65045 | Hell     | Found a gateway to the Iron City of Dis.
 65246 | Pan      | Entered Pandemonium
 65690 | Pan      | Noticed Gime the pandemonium lord
 65740 | Pan      | Killed Gime the pandemonium lord
 66528 | Pan      | Found a runed translucent door.
 66535 | Pan      | Found a runed translucent door.
 66542 | Pan      | Found a runed translucent door.
 66551 | Pan      | Noticed Atinn the pandemonium lord
 66558 | Pan      | Killed Atinn the pandemonium lord
 66710 | Pan      | Found a runed translucent door.
 66715 | Pan      | Got the Dissertation on the Doomed Fifth Circle
 66950 | Pan      | Reached skill level 10 in Invocations
 67576 | Pan      | Noticed Osefesug the pandemonium lord
 67915 | Pan      | Killed Osefesug the pandemonium lord
 68574 | Pan      | Gained mutation: You do not regenerate when monsters are
                  | visible. [a neqoxec]
 68622 | Pan      | Noticed Silan the pandemonium lord
 68640 | Pan      | Killed Silan the pandemonium lord
 68699 | Pan      | Reached skill level 27 in Dodging
 68712 | Pan      | Found a runed translucent door.
 68740 | Pan      | Got a demonic rune of Zot
 68905 | Pan      | Lost mutation: You are strong-willed. (Will+) [potion of
                  | mutation]
 68905 | Pan      | Lost mutation: You are partially covered in iridescent
                  | scales. (AC +2) [potion of mutation]
 68905 | Pan      | Gained mutation: Your flesh is cold resistant. (rC+)
                  | [potion of mutation]
 68905 | Pan      | Gained mutation: You occasionally lose the ability to read
                  | scrolls when taking damage. [potion of mutation]
 68906 | Pan      | Lost mutation: You occasionally lose the ability to read
                  | scrolls when taking damage. [potion of mutation]
 68906 | Pan      | Lost mutation: You do not regenerate when monsters are
                  | visible. [potion of mutation]
 68906 | Pan      | Lost mutation: Your spells are a little harder to cast, but
                  | a little more powerful. [potion of mutation]
 68906 | Pan      | Gained mutation: Your flesh is heat resistant. (rF+)
                  | [potion of mutation]
 70063 | Pan      | Found an exit through the horrors of the Abyss.
 70830 | Pan      | Was forgiven by Gozag
 71034 | Pan      | Reached skill level 5 in Stealth
 71728 | Pan      | Noticed Neuleday the pandemonium lord
 71753 | Pan      | Killed Neuleday the pandemonium lord
 72114 | Pan      | Entered the realm of Gloorx Vloq.
 72122 | Pan      | Reached skill level 15 in Invocations
 72146 | Pan      | Noticed Gloorx Vloq
 73666 | Pan      | Killed Gloorx Vloq
 73828 | Pan      | Got a dark rune of Zot
 73985 | Pan      | Entered the realm of Mnoleg.
 73985 | Pan      | Noticed Mnoleg
 73993 | Pan      | Gained mutation: Your spells are a little easier to cast,
                  | but a little less powerful. [a cacodemon]
 74009 | Pan      | Gained mutation: You are frail. (-10% HP) [a neqoxec]
 74015 | Pan      | Gained mutation: You have hidden genetic defects. [a
                  | neqoxec]
 74018 | Pan      | Killed Mnoleg
 74035 | Pan      | Lost mutation: You have hidden genetic defects. [potion of
                  | mutation]
 74035 | Pan      | Lost mutation: Your flesh is cold resistant. (rC+) [potion
                  | of mutation]
 74035 | Pan      | Lost mutation: You are frail. (-10% HP) [potion of
                  | mutation]
 74035 | Pan      | Gained mutation: You sometimes lose your temper in combat.
                  | [potion of mutation]
 74035 | Pan      | Gained mutation: You passively map a small area around you.
                  | [potion of mutation]
 74036 | Pan      | Lost mutation: Your flesh is heat resistant. (rF+) [potion
                  | of mutation]
 74036 | Pan      | Lost mutation: Your spells are a little easier to cast, but
                  | a little less powerful. [potion of mutation]
 74036 | Pan      | Lost mutation: Your system is resistant to poisons. (rPois)
                  | [potion of mutation]
 74036 | Pan      | Gained mutation: You are agile. (Dex +4, Str/Int -1)
                  | [potion of mutation]
 74102 | Pan      | Identified the +6 mace of the Shining Light {heavy,
                  | *Corrode rF+++ Dex+4}
 74111 | Pan      | Identified the +2 spear of Dithmenos's Envy {pain, rCorr
                  | Dex+4}
 74138 | Pan      | Got a glowing rune of Zot
 74173 | Pan      | Paralysed by a floating eye for 4 turns
 74174 | Pan      | Gained mutation: Armour fits poorly on your strangely
                  | shaped body. [a neqoxec]
 74175 | Pan      | Gained mutation: You occasionally lose the ability to drink
                  | potions when taking damage. [a neqoxec]
 74175 | Pan      | Gained mutation: You are frail. (-10% HP) [a cacodemon]
 74176 | Pan      | Gained mutation: You do not regenerate when monsters are
                  | visible. [a cacodemon]
 74194 | Pan      | Lost mutation: You occasionally lose the ability to drink
                  | potions when taking damage. [potion of mutation]
 74194 | Pan      | Lost mutation: Armour fits poorly on your strangely shaped
                  | body. [potion of mutation]
 74194 | Pan      | Gained mutation: You are very frail. (-20% HP) [potion of
                  | mutation]
 74194 | Pan      | Gained mutation: Your spells are a little harder to cast,
                  | but a little more powerful. [potion of mutation]
 74194 | Pan      | Lost mutation: You are very frail. (-20% HP) [potion of
                  | mutation]
 74195 | Pan      | Lost mutation: You sometimes lose your temper in combat.
                  | [potion of mutation]
 74195 | Pan      | Lost mutation: Your spells are a little harder to cast, but
                  | a little more powerful. [potion of mutation]
 74195 | Pan      | Gained mutation: You have large cloven feet. [potion of
                  | mutation]
 74195 | Pan      | Gained mutation: Your flesh is cold resistant. (rC+)
                  | [potion of mutation]
 74196 | Pan      | Lost mutation: Your flesh is cold resistant. (rC+) [potion
                  | of mutation]
 74196 | Pan      | Lost mutation: You passively map a small area around you.
                  | [potion of mutation]
 74196 | Pan      | Gained mutation: You are partially covered in large bone
                  | plates. (SH +4) [potion of mutation]
 74196 | Pan      | Gained mutation: You are very frail. (-20% HP) [potion of
                  | mutation]
 74196 | Pan      | Gained mutation: You are weak. (Str -2) [potion of
                  | mutation]
 74196 | Pan      | Gained mutation: You are very agile. (Dex +8, Str/Int -2)
                  | [potion of mutation]
 74347 | Pan      | Gained mutation: You sometimes lose your temper in combat.
                  | [a cacodemon]
 74425 | Pan      | Gained mutation: You occasionally shout uncontrollably at
                  | your foes. [a neqoxec]
 74426 | Pan      | Gained mutation: You are extremely frail. (-30% HP) [a
                  | neqoxec]
 74682 | Pan      | Gained mutation: Your magical capacity is low. (-10% MP) [a
                  | cacodemon]
 74769 | Pan      | Noticed Dorihieng the pandemonium lord
 74782 | Pan      | Killed Dorihieng the pandemonium lord
 74798 | Pan      | Reached skill level 10 in Stealth
 74997 | Pan      | Found an exit through the horrors of the Abyss.
 75071 | Pan      | Took an exit into the Abyss.
 75071 | Abyss:4  | Escaped into the Abyss
 75126 | Abyss:4  | Found a corrupted altar of Lugonu.
 75305 | Abyss:4  | Paralysed by an air elemental for 1 turns
 75357 | Depths:2 | Escaped the Abyss
 75376 | Pan      | Entered Pandemonium
 75687 | Pan      | Found a runed translucent door.
 75695 | Pan      | Found a runed translucent door.
 75699 | Pan      | Found a runed translucent door.
 75707 | Pan      | Noticed Remo the pandemonium lord
 75712 | Pan      | Killed Remo the pandemonium lord
 75768 | Pan      | Found a runed translucent door.
 75838 | Pan      | Found an exit through the horrors of the Abyss.
 76299 | Pan      | Noticed Wysatoru the pandemonium lord
 76340 | Pan      | Lost mutation: You do not regenerate when monsters are
                  | visible. [potion of mutation]
 76340 | Pan      | Lost mutation: You have large cloven feet. [potion of
                  | mutation]
 76340 | Pan      | Lost mutation: You are very agile. (Dex +8, Str/Int -2)
                  | [potion of mutation]
 76572 | Pan      | Killed Wysatoru the pandemonium lord
 77117 | Pan      | Found an exit through the horrors of the Abyss.
 77206 | Pan      | Lost mutation: You are agile. (Dex +4, Str/Int -1) [a
                  | neqoxec]
 77397 | Pan      | Noticed Ewixkergh the pandemonium lord
 77414 | Pan      | Killed Ewixkergh the pandemonium lord
 77435 | Pan      | HP: 5/191 [smoke demon/divine providence (11)]
 77435 | Pan      | Killed from afar by a smoke demon

Illustrated notes

Levels and vault maps discovered:
D:1:      zaba_arrival_water, layout_basic
D:2:      minmay_diamond_boxcup, layout_basic
D:3:      layout_loops_ring, hangedman_abyss_or_decor_stabs, nicolae_titane,
          uniq_sigmund
D:4:      layout_gridville, mainiacjoe_overflow_paths
D:5:      layout_basic, vehumet_crystals, mainiacjoe_overflow_chevrons,
          mainiacjoe_overflow_cross_hatched, nicolae_uskayaw_suspiria,
          minmay_temple_entry_offerings, gammafunk_ghost_arena
D:6:      layout_basic, minmay_misc_feat_nine_boxes
D:7:      layout_basic, mainiacjoe_overflow_concentric_impassable,
          mainiacjoe_overflow_tiny_flanked, hangedman_decor_points
D:8:      layout_layer_cave, uniq_psyche
D:9:      layout_loops_corners, nicolae_dithmenos_shadow_blocks,
          mainiacjoe_overflow_alcove_1, yredelemnul_forgotten_temple_becter,
          lair_entry_dummy, enter_bailey_8, uniq_erolcha
D:10:     layout_roguey, amcnicky_altar_gilded, bloody_makhleb, orc_0_dummy,
          ebering_ghost_inner_flame, uniq_josephine
D:11:     minmay_the_grid_3x3 [minmay_the_grid_minigrid_small,
          minmay_the_grid_doors, minmay_the_grid_all_tris,
          minmay_the_grid_expand, minmay_the_grid_stretched_grid,
          minmay_the_grid_embedded, minmay_the_grid_tri_star, minmay_the_grid_x,
          minmay_the_grid_prize_inner_circle], layout_loops_cross
D:12:     layout_loops_corners, serial_shops, shop_statue,
          nicolae_take_the_stairs, shop_statue, nicolae_diamond_shop,
          ebering_ghost_rock_garden, uniq_nessos, uniq_rupert, uniq_maurice
D:13:     layout_stronghold, lightli_vaults_fourway_checkpoint,
          minmay_lizard_king
D:14:     layout_cross, grunt_decor_arrowhead, serial_shops,
          kennysheep_mini_moat, minmay_misc_feat_alley
D:15:     gammafunk_depths_entry_grave, layout_layer_cave, serial_shops,
          nicolae_shop_overgrown_old_shop, minmay_diced_spiral
Temple:   hellmonk_temple_beads
Lair:1:   beast_lair_carwin_large_4, layout_chaotic_city, st_stairs_11,
          lemuel_oklob_altar
Lair:2:   layout_cave_pods, guppyfry_snake_entry_island,
          chequers_serial_rivers_small_a, chequers_serial_rivers_small_a,
          uniq_urug, uniq_erica
Lair:3:   layout_regular_city, elwin_shoals_entry_stream
Lair:4:   layout_hall_layers, minmay_slime_entry_pillars, serial_bayou_shore_b
Lair:5:   evilmike_catoblepas_cave, layout_misc_corridors
Shoals:1: layout_shoals, nicolae_shop_vocational
Shoals:2: nicolae_shoals_offshore_bank_account, layout_shoals,
          nicolae_shoals_lost_giant_amphitheater, uniq_aizul
Shoals:3: cheibrodos_shoals_baths, layout_shoals, serial_shops, shop_statue,
          nicolae_shoals_gull_way
Shoals:4: shoals_end_hellmonk_storm_palace [storm_palace_center_square,
          storm_palace_corner_blocked, storm_palace_corner_narrow,
          storm_palace_corner_grid, storm_palace_corner_altar]
Snake:1:  layout_grid_maze
Snake:2:  layout_chambers, uniq_roxanne
Snake:3:  layout_gridlike, serial_shops, shop, serial_bayou_lagoon_a,
          nicolae_snake_linked_coils, minmay_shop_grove
Snake:4:  johnstein_snake_rune_scales, layout_cave_town
Slime:1:  layout_caves
Slime:2:  layout_caves
Slime:3:  cheibrodos_slime_lost_civilization_2, layout_caves
Slime:4:  layout_caves
Slime:5
Orc:1:    layout_diamond_mine, serial_shops, shop, uniq_harold, uniq_snorg
Orc:2:    grunt_orc_tribal_feast, layout_diamond_mine, sword_in_stone
Elf:1:    eino_elf_arrival_customs, layout_rooms, serial_shops,
          nicolae_shop_hallway_stairs, evilmike_minifort, uniq_asterion
Elf:2:    nicolae_elf_blades_splatter_lattice [mumra_blade_entry_dagger],
          layout_geoelf_diagonals, infiniplex_enter_wizlab_water,
          hangedman_glass_teeth, nicolae_elf_vaults_five_recruitment_drive
Elf:3:    minmay_elf_hall_four_x, layout_gridlike, serial_shops, shop,
          special_room [special_room_orc], gammafunk_ghost_ooze
Vaults:1: hangedman_vaults_restitches, v_rooms_3, ontoclasm_vaults_bender,
          nicolae_vaults_shelves_hall, nicolae_vaults_little_squares_4,
          nicolae_vaults_network_quincunx
          [nicolae_vaults_network_quincunx_subvault,
          nicolae_vaults_network_quincunx_subvault,
          nicolae_vaults_network_quincunx_subvault,
          nicolae_vaults_network_quincunx_subvault,
          nicolae_vaults_network_quincunx_subvault],
          vaults_room_grunt_arrival_ludios, vaults_dpeg_hooks,
          hangedman_vaults_snaps, nicolae_vaults_specimen_jars,
          ontoclasm_vaults_ring_small, ontoclasm_vaults_idyll,
          ontoclasm_vaults_loading_screen, layout_vaults_maze_bifur,
          serial_shops, shop, uniq_nikola
Vaults:2: nicolae_vaults_network_quinsquares
          [nicolae_vaults_network_quincunx_subvault,
          nicolae_vaults_network_quincunx_subvault,
          nicolae_vaults_network_quincunx_subvault,
          nicolae_vaults_network_quincunx_subvault], vaults_room_pools,
          v_misc_13, dpeg_vaults_monster_row, nicolae_vaults_circle_grid_a,
          v_pattern_1, v_misc_10, ontoclasm_vaults_fault, vaults_room_hallway,
          ontoclasm_vaults_eye, nicolae_vaults_big_ls, layout_vaults_omnibox,
          uniq_saint_roka
Vaults:3: nicolae_vaults_little_squares_3, vaults_room_door_ring,
          hangedman_vaults_capsules, minmay_crypt_entry_nasty_monster,
          vaults_dpeg_ring, nicolae_vaults_yaktaur_gun_rack,
          layout_vaults_big_room
Vaults:4: hangedman_vaults_river_flow, nicolae_vaults_theta,
          nicolae_vaults_good_morning_starshine, vaults_mumra_minichess,
          vaults_room_grid, v_misc_27, hangedman_vaults_stretched_pinwheel,
          v_alt_pattern_6, vaults_room_door_ring, layout_vaults_omnicross
Vaults:5
Crypt:1:  layout_chaotic_city, grunt_ministairs_6, minmay_misc_feat_cross,
          uniq_frederick
Crypt:2:  layout_misc_corridors, lemuel_freeze_loot_1
Crypt:3:  due_elkab, layout_chaotic_city, item_on_display_a
Depths:1: layout_cave_pools, dk_noncrumbling_3, hell_entry,
          serial_sigils_hangedman_etch, nicolae_sif_muna_condensation,
          uniq_bai_suzhen
Depths:2: kennysheep_ogre_elephant_herders, layout_gridlike, enter_ziggurat_c,
          nicolae_wwwww, pan_entry, hell_entry
Depths:3: evilmike_negative_zone, layout_cave_pools, hell_entry,
          xom_redecorated, abyss_entry_flame_altar, kennysheep_generic_room_16,
          uniq_mennas
Depths:4: evilmike_zot_entry_argh, layout_small_grid, serial_shops, shop,
          nicolae_shop_trees, shop, shop_statue,
          nicolae_concentric_dashed_squares_wild, hangedman_coc_ice_floe
Hell
Zot:1:    kennysheep_room_grid, layout_misc_corridors
Zot:2:    layout_gridlike
Zot:3:    layout_basic, basic_altar, st_small_dragon_hoard_1, grunt_megastairs_1
Zot:4:    layout_onion_interference, st_stairs_6
Zot:5:    layout_basic
Pan:      evilmike_mini_pan_pillars_b, layout_stronghold,
          pan_blood_fountain_small, rand_demon_7, layout_basic,
          nicolae_pan_mnolegish_5, evilmike_mini_pan_diamond,
          layout_pan_divisions_a [pan_division_quadrant_a2,
          pan_division_quadrant_a3, pan_division_quadrant_a2,
          pan_division_quadrant_a3, pan_division_octagon_halves],
          regret_index_pan_draining_boxed, layout_stronghold,
          pan_blood_fountain_small, evilmike_mini_pan_pillars_b,
          layout_gridville, evilmike_gloorx_vloq_box, layout_gridlike,
          pan_blood_fountain_small, nicolae_pan_mnolegish_5,
          evilmike_mnoleg_eyes, layout_rooms, rand_demon_2, layout_basic,
          nicolae_pan_sigil_itan, rand_demon_7, layout_gridville,
          pan_blood_fountain_2, pan_disco_hall, layout_gridlike,
          lemuel_hall_of_pain, layout_gridville

Skill      XL: |  1  2  3  4  5  6  7  8  9 10 11 12 13 14 15 16 17 18 19 20 21 22 23 24 25 26 27 |
---------------+----------------------------------------------------------------------------------+-----
Axes           | 3 4 6 7 8 10 12 13 15 17 19 20 22 23 24 25 26 27 | 27.0
Fighting       | 4 5 6 8 9 10 11 12 14 15 16 17 19 20 21 22 24 25 27 | 27.0
Shields        | 4 5 6 7 8 10 11 12 13 15 16 18 20 22 25 27 | 27.0
Armour         | 5 7 9 10 12 13 14 15 18 22 24 26 27 | 27.0
Dodging        | 4 10 12 14 17 19 22 27 | 27.0
Stealth        | 2 12 | 12.3
Invocations    | 2 20 | 20.9

Action                     |  1- 3 |  4- 6 |  7- 9 | 10-12 | 13-15 | 16-18 | 19-21 | 22-24 | 25-27 || total
---------------------------+-------+-------+-------+-------+-------+-------+-------+-------+-------++-------
  Melee: War axe           |    85 |    92 |   207 |   582 |   999 |       |       |       |       ||  1965
         Headbutt          |    11 |    14 |    38 |   144 |   359 |   304 |   444 |   793 |  1823 ||  3930
         Broad axe         |       |       |       |       |   112 |  1092 |  1407 |  2118 |  4330 ||  9059
 Invoke: Potion Petition   |       |       |       |     3 |     6 |     8 |    12 |    10 |     1 ||    40
         Bribe Branch      |       |       |       |       |       |       |       |       |     2 ||     2
         Cleansing Flame   |       |       |       |       |       |       |       |       |    18 ||    18
         Summon Divine War |       |       |       |       |       |       |       |       |     5 ||     5
         Divine Shield     |       |       |       |       |       |       |       |       |     3 ||     3
  Evoke: Wand              |       |       |       |    20 |       |     2 |     1 |     4 |     5 ||    32
         Phial of floods   |       |       |       |     1 |       |       |       |     1 |       ||     2
         Box of beasts     |       |       |       |       |       |       |       |       |     1 ||     1
         Lightning rod     |       |       |       |       |       |       |       |       |     1 ||     1
         Phantom mirror    |       |       |       |       |       |       |       |       |     1 ||     1
    Use: Scroll            |       |    10 |     9 |     7 |     9 |     9 |     9 |    16 |    19 ||    88
         Potion            |       |     1 |     2 |     5 |     2 |     3 |       |     6 |    16 ||    35
   Stab: Distracted        |       |       |     1 |     5 |     8 |    10 |    19 |    25 |    19 ||    87
         Invisible         |       |       |       |     5 |       |    14 |       |    20 |       ||    39
         Petrified         |       |       |       |       |    21 |       |       |       |       ||    21
         Petrifying        |       |       |       |       |     3 |       |       |       |       ||     3
         Confused          |       |       |       |       |       |       |     2 |     1 |       ||     3
 Armour: Scale mail        |    41 |     5 |       |       |       |       |       |       |       ||    46
         Chain mail        |       |    15 |       |       |       |       |       |       |       ||    15
         Plate armour      |       |     8 |    99 |    23 |       |       |       |       |       ||   130
         Crystal plate arm |       |       |       |   384 |   795 |   333 |   282 |   459 |   513 ||  2766
         Skin              |       |       |       |       |       |       |    13 |     1 |       ||    14
  Dodge: Dodged            |    37 |    23 |    54 |   291 |   210 |   160 |   299 |   489 |   962 ||  2525
  Block: Buckler           |    17 |       |       |       |       |       |       |       |       ||    17
         Kite shield       |     9 |    56 |   146 |   541 |  1091 |   444 |       |       |       ||  2287
         Tower shield      |       |       |       |       |       |   327 |  1051 |  1753 |  3384 ||  6515

Table legend: (Time is in decaauts)
 A = Elapsed time spent in this place.
 B = Non-inter-level travel time spent in this place.
 C = Inter-level travel time spent in this place.
 D = Time resting spent in this place.
 E = Time spent auto-exploring this place.
 F = Levels seen in this place.
 G = Mean time per level.
                   A        B        C        D        E       F      G
               +--------+--------+--------+--------+--------+-----+--------+
         Total |  73092 |  67552 |   5540 |   5553 |  44995 |  77 |  949.2 |
       Dungeon |  16992 |  15149 |   1843 |   1964 |  10332 |  15 | 1132.8 |
        Temple |    197 |    109 |     88 |      0 |     81 |   1 |  197.0 |
          Lair |   7308 |   6667 |    641 |    559 |   4981 |   5 | 1461.6 |
        Shoals |   3640 |   3389 |    251 |    156 |   2191 |   4 |  910.0 |
     Snake Pit |   4301 |   3913 |    388 |      0 |   3271 |   4 | 1075.2 |
    Slime Pits |   1431 |   1431 |      0 |    273 |    428 |   5 |  286.2 |
  Orcish Mines |   1262 |   1148 |    114 |      0 |    901 |   2 |  631.0 |
   Elven Halls |   3319 |   3189 |    130 |     92 |   2113 |   3 | 1106.3 |
        Vaults |   7401 |   6299 |   1102 |    106 |   4453 |   5 | 1480.2 |
         Crypt |   2607 |   2379 |    228 |      0 |   1762 |   3 |  869.0 |
        Depths |   5071 |   4681 |    390 |    802 |   2721 |   4 | 1267.8 |
          Hell |    492 |    479 |     13 |      0 |    258 |   1 |  492.0 |
           Zot |   5181 |   4835 |    346 |    106 |   3842 |   5 | 1036.2 |
         Abyss |   1730 |   1730 |      0 |    139 |    664 |   7 |  247.1 |
   Pandemonium |  10879 |  10879 |      0 |   1353 |   6362 |  11 |  989.0 |
        Bailey |    555 |    555 |      0 |      2 |    328 |   1 |  555.0 |
        Wizlab |    719 |    719 |      0 |      0 |    302 |   1 |  719.0 |
               +--------+--------+--------+--------+--------+-----+--------+

Top non-repeatable levels by time:
     D:6: 2539 daAuts
  Lair:3: 2028 daAuts
Vaults:1: 1782 daAuts
Depths:3: 1598 daAuts
     D:7: 1581 daAuts
Vaults:5: 1581 daAuts
  Lair:2: 1559 daAuts
    D:11: 1523 daAuts
   Elf:3: 1461 daAuts
Vaults:4: 1419 daAuts
Vaults:2: 1415 daAuts
     D:9: 1378 daAuts
    D:15: 1354 daAuts
    D:13: 1352 daAuts
  Lair:1: 1331 daAuts
